 Dungeon Crawl Stone Soup version 0.27-a0-1196-g3e9cee4cb2 (webtiles) character file.

Game seed: 15653479927554910091

15801 freelancePsychic the Slicer (level 12, -2/68 HPs)
             Began as a Vine Stalker Fighter on May 28, 2021.
             Was a High Priest of Cheibriados.
             Slain by an entropy weaver (11 damage)
             ... in a Gauntlet.
             The game lasted 00:37:45 (10724 turns).

freelancePsychic the Slicer (Vine Stalker Fighter) Turns: 10724, Time: 00:37:46

Health: -2/68      AC:  8    Str: 32    XL:     12   Next: 30%
Magic:  0/15       EV:  6    Int: 20    God:    Cheibriados [*****.]
Gold:   678        SH: 13    Dex: 27    Spells: 8/11 levels left

rFire    . . .     SeeInvis .   b - +2 dagger (venom)
rCold    . . .     Faith    +   c - +0 kite shield
rNeg     . . .     Spirit   +   g - +0 plate armour
rPois    .         Reflect  .   (no helmet)
rElec    .         Harm     .   (no cloak)
rCorr    .         Rampage  .   (no gloves)
Will     ++...     Clarity  +   w - +2 pair of boots Stlth ..........NoTele +
                                J - amulet of faith
HPRegen  1.21/turn              l - ring of willpower
MPRegen  0.14/turn              u - ring of wizardry

@: corroded, very slow
A: fangs 3, regeneration 1, magic shield, antimagic bite, no potion heal 2,
clarity, robust 1, MP-powered wands
a: Renounce Religion, Bend Time, Temporal Distortion, Slouch, Step From Time


You were in a Gauntlet.
You worshipped Cheibriados.
Cheibriados was extremely pleased with you.
You visited 3 branches of the dungeon, and saw 13 of its levels.
You also visited: Gauntlet.

You collected 678 gold pieces.

Inventory:

Hand Weapons
 a - a +3 dagger of protection
 b - a +2 dagger of venom (weapon)
 v - the +6 longbow "Vunol" {flame, Will+ Str+4}
   (You found it in a Gauntlet)

   It causes projectiles fired from it to burn those they strike, causing extra
   injury to most foes and up to half again as much damage against particularly
   susceptible opponents.
   It affects your strength (+4).
   It increases your willpower.
 I - a +2 vorpal double sword
Missiles
 i - 33 poisoned darts (quivered)
 r - a throwing net
 C - a curare-tipped dart
 F - 15 atropa-tipped darts
Armour
 c - a +0 kite shield (worn)
 g - a +0 plate armour (worn)
 j - a +0 chain mail
 w - a +2 pair of boots (worn)
Jewellery
 l - a ring of willpower (left hand)
 p - a +6 ring of strength
 s - a ring of see invisible
 u - a ring of wizardry (right hand)
 G - a ring of willpower
 J - an amulet of faith (around neck)
Wands
 q - a wand of iceblast (20)
 y - a wand of paralysis (9)
 D - a wand of digging (6)
Scrolls
 k - 2 scrolls of teleportation {@r4}
 n - 4 scrolls of enchant weapon
 o - 2 scrolls of enchant armour
 x - a scroll of noise
 B - a scroll of fog
Potions
 d - 2 potions of might
 e - 2 potions of curing {@q1}
 f - 2 potions of invisibility
 h - a potion of brilliance {unknown}
 m - a potion of flight {unknown}
 t - 11 potions of ambrosia
 z - 3 potions of haste {@q3}
 E - a potion of mutation
 H - a potion of magic {unknown}
 K - a potion of cancellation {unknown}


   Skills:
 - Level 6.9 Fighting
 - Level 10.0 Short Blades
 + Level 6.6 Armour
 - Level 7.0 Shields
 + Level 6.0 Conjurations
 + Level 6.0 Air Magic
 + Level 6.3 Poison Magic
 - Level 3.5 Invocations


You had 8 spell levels left.
You knew the following spells:

 Your Spells              Type           Power      Damage    Failure   Level
a - Mephitic Cloud        Conj/Pois/Air  24%        N/A       38%         3

Your spell library contained the following spells:

 Spells                   Type           Power      Damage    Failure   Level
 Magic Dart               Conj           96%        1d7       14%         1
 Searing Ray              Conj           48%        3d5       21%         2
 Conjure Flame            Conj/Fire      12%        6-21      78%         3
 Dazzling Flash           Conj/Hex       24%        N/A       78%         3
 Animate Skeleton         Necr           0%         N/A       82%         1
 Apportation              Tloc           0%         N/A       82%         1
 Corona                   Hex            0%         N/A       82%         1
 Summon Small Mammal      Summ           0%         N/A       82%         1
 Blink                    Tloc           N/A        N/A       91%         2
 Call Imp                 Summ           0%         N/A       91%         2
 Slow                     Hex            0%         N/A       91%         2
 Fulminant Prism          Conj/Hex       6%         3d7       99%         4
 Iskenderun's Mystic Bla  Conj/Tloc      12%        2d5       99%         4
 Alistair's Intoxication  Tmut/Pois      8%         N/A       100%        5
 Eringya's Noxious Bog    Tmut/Pois      6%         N/A       100%        6
 Simulacrum               Ice/Necr       0%         N/A       100%        6


Dungeon Overview and Level Annotations

Branches:
Dungeon (10/15)            Temple (1/1) D:5            Lair (2/6) D:10
    Orc (0/2) D:10        Gauntlet (1/1)
  Swamp: Lair:2-4    Shoals: Lair:2-4     Snake: Lair:2-4    Spider: Lair:2-4

Altars:
Ashenzari
Cheibriados
Dithmenos
Elyvilon
Fedhas
Gozag
Hepliaklqana
Kikubaaqudgha
Makhleb
Nemelex Xobeh
Okawaru
Qazlal
Ru
Sif Muna
Trog
Uskayaw
Vehumet
Wu Jian
Xom
Yredelemnul
Zin
The Shining One

Shops:
D:1 ?[!   D:9 *   D:10 (

Annotations:
D:3 1 runed translucent door, Crazy Yiuf
D:4 Natasha
Lair:1 3 runed translucent doors, IdlyInterested's ghost, journeyman DsCj; bobarctor's ghost, journeyman DENe Gauntlet 9 transporters, 17 runed translucent doors


Innate Abilities, Weirdness & Mutations

You have razor-sharp teeth.
Your natural rate of healing is unusually fast.
When hurt, damage is shared between your health and your magic reserves.
Your bite disrupts and absorbs the magic of your enemies.
Potions cannot restore your health.
You possess an exceptional clarity of mind.
You are robust. (+10% HP)
You expend magic power (3 MP) to strengthen your wands.


Message History

You block the entropy weaver's attack. The entropy weaver hits you!
The redback bites you!
You are poisoned.
The redback poisons you!
The jumping spider leaps!
There is an open translucent gate, spattered with blood here.
You hit the entropy weaver but do no damage.
You bite the entropy weaver.
The entropy weaver's magic leaks into the air.
You drain its magic.
You feel invigorated.
The entropy weaver is moderately wounded.
You feel very sick.
The entropy weaver is no longer moving slowly.
The jumping spider pounces on you!
* * * LOW HITPOINT WARNING * * *
You block the jumping spider's attack.
The entropy weaver hits you but does no damage. x2
You block the entropy weaver's attack.
The entropy weaver hits you but does no damage.
Your system rejects the healing.
You feel better. You block the redback's attack.
The jumping spider pounces on you but does no damage.
You block the jumping spider's attack. You block the entropy weaver's attack.
The entropy weaver hits you.
* * * LOW HITPOINT WARNING * * *
The entropy weaver hits you but does no damage.
The entropy weaver hits you.
* * * LOW HITPOINT WARNING * * *
Okay, then.
Okay, then.
The redback is no longer moving slowly.
The redback looks more healthy.
The jumping spider leaps!
The redback barely misses you.
The entropy weaver hits you but does no damage. x2
You block the entropy weaver's attack. x2
The entropy weaver hits you but does no damage. x2
The entropy weaver barely misses you. The entropy weaver hits you.
* * * LOW HITPOINT WARNING * * *
You block the redback's attack.
The entropy weaver hits you but does no damage.
You block the entropy weaver's attack. The entropy weaver hits you!
You die...

###.##.##.##.##.###
#≈...............§#
###8.8.8..©.©..8.8.8####
8##≈...............≈##8#
###########################
..........≈∩≈............≈#
..........................#
##########...###########..###
..!.©)...#...#..@=©??..#..#8#
..##.##..#...#..sB.....#..###
.##...##.#...#..#'''#..#..#
.#.....#.#...#++#°..#++#..###
....©....#...#..+s..+..#..#8#
.#.....#.#...#..+...+..#..###
...##.#...#++#'#+#++#..#
#.##..#...#..+...+..#..###
....99#...#..+.©.+..#..#8#


You could see an entropy weaver (poisoned), a jumping spider and a redback.

Vanquished Creatures
  2 hydras (Lair:1)
  A centaur warrior (D:9)
  2 two-headed ogres
  Urug (Lair:1)
  A deep elf pyromancer (D:7)
  2 black mambas (Lair:1)
  Joseph (D:8)
  A cane toad (Lair:1)
  2 komodo dragons (Lair:1)
  A troll (D:9)
  9 blink frogs (Lair:1)
  A queen bee (Lair:1)
  Grinder (D:3)
  A meliai zombie (D:10)
  A vampire (D:10)
  2 wyverns
  2 steam dragons (D:8)
  A vampire mosquito (D:5)
  Edmund (D:4)
  4 water moccasins
  2 orc warriors
  3 black bears
  A necrophage (D:6)
  A sky beast (D:5)
  4 ogres
  3 wolves (Lair:1)
  7 centaurs
  A phantom (D:5)
  3 kobold brigands
  7 bullfrogs
  4 scorpions
  2 water moccasin zombies
  2 water moccasin skeletons
  27 killer bees
  6 howler monkeys
  An electric eel (Lair:1)
  4 bullfrog zombies
  5 centaur zombies
  2 jellies (D:6)
  3 hounds
  5 orc priests
  A gnoll shaman (D:5)
  Jessica (D:2)
  Natasha (twice) (D:4)
  4 iguanas
  7 orc wizards
  2 killer bee zombies
  A hound skeleton (D:4)
  Robin (D:3)
  A howler monkey zombie (D:5)
  12 adders
  6 gnolls
  3 shadow imps
  4 white imps
  2 ufetubi (D:5)
  3 dart slugs
  23 orcs
  8 bats
  10 endoplasms
  5 giant cockroaches
  19 goblins
  7 hobgoblins
  3 quokkas
  7 ball pythons
  4 frilled lizards
  13 kobolds
  A quokka skeleton (D:4)
  5 rats
  A bush (D:6)
286 creatures vanquished.

Vanquished Creatures (others)
  A bush (Lair:1)
  4 fungi (Lair:1)
  7 plants
  6 withered plants (Lair:1)
18 creatures vanquished.

Grand Total: 304 creatures vanquished

Notes
Turn   | Place    | Note
-------+----------+-------------------------------------------
     0 | D:1      | freelancePsychic the Vine Stalker Fighter began the quest
                  | for the Orb.
     0 | D:1      | Reached XP level 1. HP: 11/11 MP: 2/2
    21 | D:1      | Found Veunge's Antique Armour Shoppe.
   183 | D:1      | Reached skill level 2 in Short Blades
   254 | D:1      | Reached XP level 2. HP: 14/16 MP: 3/3
   491 | D:1      | Found Tonkupix's Distillery.
   508 | D:1      | Gained mutation: You possess an exceptional clarity of
                  | mind. [potion of mutation]
   508 | D:1      | Gained mutation: You expend magic power (3 MP) to
                  | strengthen your wands. [potion of mutation]
   508 | D:1      | Gained mutation: You are robust. (+10% HP) [potion of
                  | mutation]
   709 | D:2      | Reached XP level 3. HP: 22/22 MP: 4/4
   758 | D:2      | Reached skill level 3 in Short Blades
  1270 | D:2      | Noticed Jessica
  1284 | D:2      | Killed Jessica
  1285 | D:2      | Gained mutation: Your natural rate of healing is unusually
                  | fast. [Vine Stalker growth]
  1285 | D:2      | Reached XP level 4. HP: 15/26 MP: 3/5
  1375 | D:2      | Found a faded altar of an unknown god.
  1816 | D:1      | Found Wuv Taqu's Magic Scroll Emporium.
  2176 | D:2      | Reached XP level 5. HP: 30/30 MP: 4/6
  2394 | D:3      | Reached skill level 4 in Short Blades
  2480 | D:3      | Reached XP level 6. HP: 35/36 MP: 7/7
  2522 | D:3      | Noticed Robin
  2594 | D:3      | Killed Robin
  2790 | D:3      | Found a runed translucent door.
  2791 | D:3      | Noticed Crazy Yiuf
  2948 | D:4      | Noticed Edmund
  2983 | D:4      | Killed Edmund
  2984 | D:4      | Reached skill level 5 in Short Blades
  3015 | D:4      | Found a shadowy altar of Dithmenos.
  3113 | D:4      | Noticed Grinder
  3138 | D:3      | Killed Grinder
  3139 | D:3      | Reached XP level 7. HP: 35/40 MP: 6/8
  3193 | D:4      | Reached skill level 6 in Short Blades
  3686 | D:4      | Noticed Natasha
  3695 | D:4      | Killed Natasha
  3831 | D:4      | Noticed Natasha
  3839 | D:4      | Killed Natasha
  3845 | D:5      | Entered Level 5 of the Dungeon
  3966 | D:5      | Gained mutation: You have razor-sharp teeth. [Vine Stalker
                  | growth]
  3966 | D:5      | Reached XP level 8. HP: 10/46 MP: 2/9
  4127 | D:5      | Reached skill level 7 in Short Blades
  4414 | D:5      | Reached skill level 5 in Shields
  4448 | D:5      | Reached skill level 8 in Short Blades
  4506 | D:5      | Identified the Compendium of the Lion
  4632 | D:5      | Found a staircase to the Ecumenical Temple.
  4637 | D:5      | Identified the +2 robe "Venaem" {Harm rElec Stlth+}
  4658 | Temple   | Entered the Ecumenical Temple
  4707 | Temple   | Became a worshipper of Cheibriados the Contemplative
  4987 | D:4      | Noticed Natasha
  5037 | D:5      | Reached XP level 9. HP: 43/49 MP: 10/10
  5116 | D:6      | Found an ornate altar of the Wu Jian Council.
  5127 | D:6      | Reached skill level 9 in Short Blades
  5185 | D:6      | Noticed a two-headed ogre
  5389 | D:6      | Found a broken altar of Ashenzari.
  5432 | D:6      | Found a glowing silver altar of Zin.
  5432 | D:6      | Found a basalt altar of Yredelemnul.
  5673 | D:6      | You fall into a shaft and drop 3 floors!
  5684 | D:9      | Reached * piety under Cheibriados
  5728 | D:9      | Noticed a two-headed ogre
  5731 | D:9      | Noticed a troll
  5743 | D:9      | Reached skill level 10 in Short Blades
  5794 | D:9      | Noticed a centaur warrior
  5812 | D:9      | Killed a centaur warrior
  5813 | D:9      | Reached XP level 10. HP: 14/56 MP: 11/11
  5817 | D:9      | Learned a level 3 spell: Mephitic Cloud
  5915 | D:8      | Noticed Joseph
  5949 | D:8      | Killed Joseph
  6015 | D:8      | Found a radiant altar of Vehumet.
  6044 | D:8      | Found a sparkling altar of Nemelex Xobeh.
  6200 | D:7      | Reached skill level 5 in Fighting
  6205 | D:7      | Noticed a deep elf pyromancer
  6216 | D:7      | Killed a deep elf pyromancer
  6484 | D:6      | Killed a two-headed ogre
  6610 | D:6      | Reached ** piety under Cheibriados
  6747 | D:6      | Reached skill level 1 in Invocations
  7082 | D:7      | Reached XP level 11. HP: 61/61 MP: 13/13
  8054 | D:9      | Found an opulent altar of Gozag.
  8111 | D:9      | Found a stormy altar of Qazlal.
  8188 | D:9      | Killed a two-headed ogre
  8189 | D:9      | Reached skill level 5 in Armour
  8257 | D:9      | Found a shimmering altar of Xom.
  8259 | D:9      | Found a shimmering altar of Xom.
  8259 | D:9      | Found a shimmering altar of Xom.
  8259 | D:9      | Found a shimmering altar of Xom.
  8260 | D:9      | Found a shimmering altar of Xom.
  8345 | D:9      | Reached *** piety under Cheibriados
  8432 | D:9      | Found Caijer's Changing Room.
  8566 | D:10     | Entered Level 10 of the Dungeon
  8720 | D:10     | Found a staircase to the Lair.
  8905 | D:10     | Found Ebuosh's Weapon Emporium.
  8906 | D:10     | Found a staircase to the Orcish Mines.
  8907 | D:10     | Noticed an orc knight
  9019 | Lair:1   | Entered Level 1 of the Lair of Beasts
  9188 | Lair:1   | Reached **** piety under Cheibriados
  9355 | Lair:1   | Noticed a four-headed hydra
  9364 | Lair:1   | Killed a four-headed hydra
  9392 | Lair:1   | Found a runed translucent gate.
  9422 | Lair:1   | Found a runed translucent gate.
  9425 | Lair:1   | Noticed bobarctor's ghost (journeyman DENe)
  9426 | Lair:1   | Found a runed translucent gate.
  9427 | Lair:1   | Noticed IdlyInterested's ghost (journeyman DsCj)
  9429 | Lair:1   | Found the +7 great mace "Undeadhunter" {disrupt, rN+}
  9467 | Lair:1   | Noticed Urug
  9472 | Lair:1   | Reached skill level 5 in Conjurations
  9472 | Lair:1   | Reached skill level 5 in Air Magic
  9618 | Lair:1   | Reached skill level 5 in Poison Magic
  9800 | Lair:1   | Reached ***** piety under Cheibriados
  9807 | Lair:1   | Reached XP level 12. HP: 53/68 MP: 12/15
  9914 | Lair:1   | Noticed a seven-headed hydra
  9929 | Lair:1   | Killed a seven-headed hydra
 10006 | Lair:1   | Killed Urug
 10432 | Lair:2   | Found a gate leading to a gauntlet.
 10445 | Gauntlet | Entered a Gauntlet
 10445 | Gauntlet | Found a transporter.
 10445 | Gauntlet | Found a transporter.
 10445 | Gauntlet | Noticed a reaper
 10446 | Gauntlet | Found a transporter.
 10446 | Gauntlet | Found a transporter.
 10449 | Gauntlet | Found a transporter.
 10451 | Gauntlet | Found a large runed translucent door.
 10452 | Gauntlet | Found a large runed translucent door.
 10453 | Gauntlet | Found a large runed translucent door.
 10453 | Gauntlet | Found a large runed translucent door.
 10453 | Gauntlet | Found a runed translucent door.
 10453 | Gauntlet | Found a runed translucent door.
 10454 | Gauntlet | Found a large runed translucent door.
 10454 | Gauntlet | Found a large runed translucent door.
 10454 | Gauntlet | Found a large runed translucent door.
 10454 | Gauntlet | Found a large runed translucent door.
 10455 | Gauntlet | Found a large runed translucent door.
 10455 | Gauntlet | Found a large runed translucent door.
 10455 | Gauntlet | Noticed a catoblepas
 10456 | Gauntlet | Found a large runed translucent door.
 10456 | Gauntlet | Found a large runed translucent door.
 10457 | Gauntlet | Found a runed translucent gate.
 10457 | Gauntlet | Found a runed translucent gate.
 10457 | Gauntlet | Found a runed translucent gate.
 10459 | Gauntlet | Found a transporter.
 10465 | Gauntlet | Noticed an entropy weaver
 10470 | Gauntlet | Found a large runed translucent door.
 10471 | Gauntlet | Found a large runed translucent door.
 10480 | Gauntlet | Found a large runed translucent door.
 10480 | Gauntlet | Found a large runed translucent door.
 10526 | Gauntlet | Found a transporter.
 10536 | Gauntlet | Found a transporter.
 10551 | Gauntlet | Found a transporter.
 10561 | Gauntlet | Found a transporter.
 10576 | Gauntlet | Found a transporter.
 10582 | Gauntlet | Found a transporter.
 10635 | Gauntlet | Identified the +6 longbow "Vunol" {flame, Will+ Str+4}
 10724 | Gauntlet | Identified the +0 pair of gloves of the Eight Boll Weevils
                  | {Str+3 Int+3 Dex+2}
 10724 | Gauntlet | Slain by an entropy weaver

Illustrated notes

Levels and vault maps discovered:
D:1:      nicolae_arrival_washed_ashore, layout_basic, serial_shops,
          nicolae_shop_crystal, nicolae_shop_crystal, shop
D:2:      layout_rooms, shapermc_ecumenical_altar_mp_vishouse, minmay_vboxes,
          uniq_jessica
D:3:      layout_rooms, minmay_three_crescents, uniq_crazy_yiuf_cottage,
          uniq_robin
D:4:      layout_loops_ring, lemuel_coloured_pillars_altar, serial_forest,
          infiniplex_forest_clump_small, infiniplex_forest_clump_small,
          infiniplex_forest_clump_medium, infiniplex_forest_clump_medium,
          infiniplex_forest_lined_corner, infiniplex_forest_clump_small,
          infiniplex_forest_clump_double, uniq_grinder, uniq_natasha,
          uniq_edmund
D:5:      minmay_clustersquares, layout_basic, minmay_temple_entry_large_hall
D:6:      cheibrodos_fzero, layout_loops_ring, evilmike_ruin_ashenzari,
          lemuel_crystal_altar, jmf_multi_god_temple, kb_lookout_dungeons_type,
          st_stairs_5
D:7:      layout_loops_corners, amethyst_killhole
D:8:      layout_loops_ring, nicolae_vehumet_altar_sigil, kennysheep_little_box,
          uniq_joseph
D:9:      layout_rooms, nicolae_qazlal_eye_of_the_storm,
          grunt_gozag_breadcrumbs, xom_redecorated, nicolae_transmutations_shop
D:10:     layout_stronghold, lair_entry_dummy, orc_david_3
Temple:   minmay_temple_bridge_abc
Lair:1:   layout_cave_pods, gammafunk_ghost_cemetery, special_room
          [special_room_bee], infiniplex_staircase_pool, uniq_urug
Lair:2:   layout_cave_shapes, gauntlet_entry_generic, grunt_megastairs_1
Gauntlet: gammafunk_gauntlet_shortcut [gammafunk_gauntlet_arena_teeth,
          minmay_gauntlet_arena_make_your_own_arena, nicolae_gauntlet_swirl,
          nicolae_gauntlet_arena_x, gammafunk_gauntlet_arena_corners,
          gammafunk_gauntlet_arena_split_diamond, gauntlet_exit_green]

Skill      XL: |  1  2  3  4  5  6  7  8  9 10 11 12 |
---------------+-------------------------------------+-----
Short Blades   | 2 3 4 5 6 8 10 | 10.0
Fighting       | 3 4 6 |  6.9
Armour         | 3 4 6 |  6.6
Shields        | 3 4 5 7 |  7.0
Conjurations   | 2 3 5 6 |  6.0
Air Magic      | 2 3 5 6 |  6.0
Poison Magic   | 2 3 5 6 |  6.3
Invocations    | 1 3 |  3.5

Action                   |  1- 3 |  4- 6 |  7- 9 | 10-12 || total
-------------------------+-------+-------+-------+-------++-------
Melee: Rapier            |    94 |     6 |       |       ||   100
       Bite              |    25 |    61 |   147 |   327 ||   560
       Dagger            |       |   182 |   336 |   580 ||  1098
Throw: Dart              |       |    10 |    18 |     2 ||    30
Invok: Bend Time         |       |       |     1 |     7 ||     8
Evoke: Wand              |       |     7 |       |       ||     7
  Use: Scroll            |     6 |     2 |     7 |     9 ||    24
       Potion            |     1 |       |       |     2 ||     3
 Stab: Invisible         |       |       |     3 |       ||     3
Armor: Scale mail        |    26 |       |       |       ||    26
       Chain mail        |    16 |    75 |   104 |       ||   195
       Plate armour      |       |       |    28 |   256 ||   284
Dodge: Dodged            |    28 |    32 |    50 |    99 ||   209
Block: Kite shield       |    53 |    82 |   145 |   396 ||   676

Table legend: (Time is in decaauts)
 A = Elapsed time spent in this place.
 B = Non-inter-level travel time spent in this place.
 C = Inter-level travel time spent in this place.
 D = Time resting spent in this place.
 E = Time spent auto-exploring this place.
 F = Levels seen in this place.
 G = Mean time per level.
                   A        B        C        D        E       F      G
               +--------+--------+--------+--------+--------+-----+--------+
         Total |  12750 |  12069 |    681 |    875 |   8710 |  14 |  910.7 |
       Dungeon |  10118 |   9494 |    624 |    647 |   6939 |  10 | 1011.8 |
        Temple |    236 |    207 |     29 |      0 |    178 |   1 |  236.0 |
          Lair |   1958 |   1930 |     28 |    167 |   1305 |   2 |  979.0 |
      Gauntlet |    436 |    436 |      0 |     61 |    286 |   1 |  436.0 |
               +--------+--------+--------+--------+--------+-----+--------+

Top non-repeatable levels by time:
  Lair:1: 1881 daAuts
     D:7: 1336 daAuts
     D:6: 1252 daAuts
     D:2: 1236 daAuts
     D:1: 1052 daAuts
     D:8: 1021 daAuts
     D:9: 978 daAuts
     D:4: 977 daAuts
     D:5: 818 daAuts
     D:3: 750 daAuts
    D:10: 694 daAuts
Gauntlet: 436 daAuts
  Temple: 236 daAuts
  Lair:2: 76 daAuts
